 Dungeon Crawl Stone Soup version 0.27.1-3-gb3d3a73c9e (webtiles) character file.

Game seed: 16524311073281424164

1570 BaBoi the Grappler (level 8, -2/78 HPs)
             Began as a Troll Berserker on Oct 30, 2021.
             Was a Priest of Trog.
             Slain by a gnoll (8 damage)
             ... on level 6 of the Dungeon.
             The game lasted 00:07:29 (3811 turns).

BaBoi the Grappler (Troll Berserker)                Turns: 3811, Time: 00:07:30

Health: -2/78      AC:  4    Str: 28    XL:     8   Next: 59%
Magic:  7/7        EV: 11    Int:  3    God:    Trog [***...]
Gold:   187        SH:  0    Dex:  9    Spells: 7/7 levels left

rFire    . . .     SeeInvis +     - Unarmed
rCold    . . .     Faith    .   (no shield)
rNeg     . . .     Spirit   .   a - +0 animal skin
rPois    .         Reflect  .   (helmet restricted)
rElec    .         Harm     .   (no cloak)
rCorr    .         Rampage  .   (gloves unavailable)
Will     .....                  (boots unavailable)
Stlth    +.........             (no amulet)
HPRegen  1.23/turn              p - ring of see invisible
MPRegen  0.10/turn              (no ring)

@: brilliant
A: large, unfitting armour, claws 3, regeneration 1, shaggy fur 1, tough skin 1
a: Renounce Religion, Berserk, Trog's Hand


You were on level 6 of the Dungeon.
You worshipped Trog.
Trog was most pleased with you.
You visited 1 branch of the dungeon, and saw 6 of its levels.

You collected 187 gold pieces.

Inventory:

Armour
 a - a +0 animal skin (worn)
Jewellery
 p - a ring of see invisible (left claw)
Wands
 o - a wand of paralysis (1)
Scrolls
 b - 5 scrolls of identify {unknown}
 c - a scroll of fog {unknown}
 g - 3 scrolls of teleportation {unknown}
 i - a scroll of brand weapon {unknown}
 j - 2 scrolls of noise {unknown}
 t - a scroll of vulnerability {unknown}
Potions
 d - a potion of cancellation {unknown}
 e - 3 potions of might {unknown}
 f - 3 potions of flight {unknown}
 h - a potion of heal wounds {unknown}
 k - 2 potions of ambrosia {unknown}
 l - 2 potions of haste {unknown}
 m - a potion of resistance {unknown}
 n - 2 potions of brilliance
 q - a potion of berserk rage {unknown}
 r - a potion of curing {unknown}
 s - a potion of attraction {unknown}


   Skills:
 + Level 3.8 Fighting
 + Level 5.6 Dodging
 + Level 1.2 Stealth
 + Level 8.5 Unarmed Combat


You had 7 spell levels left.
You didn't know any spells.
Your spell library was empty.

Dungeon Overview and Level Annotations

Branches:
Dungeon (6/15)
 Temple: D:4-7

Altars:
Kikubaaqudgha


Innate Abilities, Weirdness & Mutations

You are too large for most types of armour.
You have claws for hands.
Your natural rate of healing is unusually fast.
You are covered in fur. (AC +1)
You have tough skin. (AC +1)


Message History

You mangle the yak!!
The yak is heavily wounded.
The yak gores you!
* * * LOW HITPOINT WARNING * * *
The gnoll closely misses you. The gnoll hits you with a +0 whip.
* * * LOW HITPOINT WARNING * * *
The yak closely misses you. The gnoll barely misses you.
The gnoll completely misses you.
There is a stone staircase leading down here.
The gnoll hits you from afar with a +0 halberd!
* * * LOW HITPOINT WARNING * * *
The gnoll hits you but does no damage. The yak gores you but does no damage.
The gnoll closely misses you.
You climb downwards.
You hear the sound of rushing water.
There is an entrance to a sewer on this level.
Hurry and find it before the portal rusts away!
Found a scroll labelled VOV WUIPOF.
There is a stone staircase leading up here.
You are too injured to fight recklessly!
You are too injured to fight recklessly!
You are too injured to fight recklessly!
You are too injured to fight recklessly!
You are too injured to fight recklessly!
You are too injured to fight recklessly!
You are too injured to fight recklessly!
You are too injured to fight recklessly!
You are too injured to fight recklessly!
It was a potion of brilliance.
You feel clever all of a sudden. The gnoll hits you with a +0 whip.
* * * LOW HITPOINT WARNING * * *
The gnoll hits you with a +0 whip.
* * * LOW HITPOINT WARNING * * *
The yak gores you but does no damage.
You mangle the yak!!
You kill the yak!
Trog accepts your kill. The gnoll hits you with a +0 whip!
You die...

#####
#.@.#
#g.g#
#...#
#...#
#...#
#.?.#
.....
##...


You could see 2 gnolls.

Vanquished Creatures
  5 yaks
  Eustachio (D:4)
  3 ogres
  A phantom (D:5)
  A scorpion (D:5)
  A water moccasin skeleton (D:4)
  A hound (D:5)
  2 orc priests (D:4)
  A gnoll shaman (D:5)
  A jelly (D:3)
  A bullfrog skeleton (D:5)
  An iguana (D:4)
  2 orc wizards (D:5)
  Ijyb (D:3)
  2 hound skeletons (D:5)
  4 gnolls (D:5)
  2 adders
  An ufetubus (D:4)
  2 dart slugs
  2 worms
  11 orcs
  6 endoplasms
  A giant cockroach (D:1)
  11 hobgoblins
  4 jackals (D:1)
  2 quokkas
  5 ball pythons
  2 bats (D:2)
  4 frilled lizards
  7 goblins
  3 kobolds
  6 rats
97 creatures vanquished.

Vanquished Creatures (others)
  An orc wizard (D:5)
  A fungus (D:1)
2 creatures vanquished.

Grand Total: 99 creatures vanquished

Notes
Turn   | Place    | Note
-------+----------+-------------------------------------------
     0 | D:1      | BaBoi the Troll Berserker began the quest for the Orb.
     0 | D:1      | Reached XP level 1. HP: 22/22 MP: 0/0
   163 | D:1      | Reached XP level 2. HP: 29/29 MP: 1/1
   477 | D:1      | Found a faded altar of an unknown god.
  1097 | D:2      | Reached XP level 3. HP: 36/36 MP: 2/2
  1198 | D:2      | Reached ** piety under Trog
  1523 | D:2      | Found an ancient bone altar of Kikubaaqudgha.
  1767 | D:3      | Noticed Ijyb
  1773 | D:3      | Paralysed by Ijyb for 5 turns
  1779 | D:3      | Paralysed by Ijyb for 5 turns
  1786 | D:3      | Killed Ijyb
  1787 | D:3      | Reached XP level 4. HP: 11/44 MP: 3/3
  1836 | D:3      | Reached skill level 4 in Unarmed Combat
  2664 | D:4      | Reached XP level 5. HP: 53/53 MP: 4/4
  2665 | D:4      | Noticed an ogre
  2671 | D:4      | Killed an ogre
  2685 | D:4      | Noticed Eustachio
  2740 | D:4      | Killed Eustachio
  2741 | D:4      | Reached skill level 5 in Unarmed Combat
  2741 | D:4      | Reached XP level 6. HP: 38/61 MP: 5/5
  2885 | D:4      | Reached skill level 6 in Unarmed Combat
  2891 | D:4      | Reached XP level 7. HP: 43/67 MP: 6/6
  3039 | D:4      | Reached *** piety under Trog
  3404 | D:4      | Identified the +1 robe of the Jolly Ears {rPois rN+ Stlth+}
  3507 | D:5      | Entered Level 5 of the Dungeon
  3649 | D:5      | Reached skill level 7 in Unarmed Combat
  3718 | D:5      | Reached skill level 1 in Stealth
  3738 | D:5      | Noticed a yak
  3738 | D:5      | Noticed a yak
  3739 | D:5      | Noticed a yak
  3740 | D:5      | Noticed a yak
  3740 | D:5      | Noticed a yak
  3745 | D:5      | Killed a yak
  3746 | D:5      | Reached skill level 5 in Dodging
  3746 | D:5      | Reached XP level 8. HP: 54/75 MP: 7/7
  3771 | D:5      | HP: 2/76 [yak (11)]
  3774 | D:5      | Reached skill level 8 in Unarmed Combat
  3811 | D:6      | Slain by a gnoll

Illustrated notes

Levels and vault maps discovered:
D:1:      enne_arrival_octagon_isle, layout_rooms, serial_forest,
          infiniplex_forest_clump_curved, infiniplex_forest_straight_5,
          infiniplex_forest_join, infiniplex_forest_clump_cross,
          infiniplex_forest_fountain, infiniplex_forest_end_double,
          infiniplex_forest_side_room, infiniplex_forest_lined_1,
          shapermc_ecumenical_altar_hornbeckon, minmay_surrounded
D:2:      minmay_recursive_quarters, layout_loops_ring, basic_altar,
          minmay_pentomino_r2
D:3:      layout_basic, minivault_24, uniq_ijyb
D:4:      layout_loops_ring, minmay_misc_feat_doors, minmay_misc_feat_x,
          dk_vineyard_3, uniq_eustachio
D:5:      layout_rooms
D:6:      layout_basic, minmay_temple_entry_waves, portal_sewer_entry_b,
          grunt_ministairs_9, minmay_unpleasant_kobolds

Skill      XL: |  1  2  3  4  5  6  7  8 |
---------------+-------------------------+-----
Dodging        | 3 4 5 |  5.6
Fighting       | 3 |  3.8
Unarmed Combat | 4 5 6 7 8 |  8.5
Stealth        | 1 |  1.2

Action                   |  1- 3 |  4- 6 |  7- 9 || total
-------------------------+-------+-------+-------++-------
Melee: Unarmed           |   115 |    99 |   134 ||   348
       Punch             |       |     3 |     5 ||     8
  Use: Potion            |       |       |     1 ||     1
 Stab: Sleeping          |     1 |       |     1 ||     2
Armor: Animal skin       |    55 |    42 |    29 ||   126
Dodge: Dodged            |    62 |    44 |    80 ||   186
